 Dungeon Crawl Stone Soup version 0.31-a0-618-g7ca08c1ff9 (webtiles) character file.

Game seed: 14151562317978734692

60 spiderkeys the Insei (level 4, -2/29 HPs)
             Began as an Octopode Shapeshifter on Aug 22, 2023.
             Slain by Sigmund
             ... wielding a +1 scythe of venom
              (9 damage)
             ... on level 2 of the Dungeon.
             The game lasted 00:01:10 (899 turns).

spiderkeys the Insei (Octopode Shapeshifter)         Turns: 899, Time: 00:01:10

Health: -2/29      AC:  1    Str: 14    XL:     4   Next: 4%
Magic:  4/4        EV: 13    Int: 10    God:
Gold:   44         SH:  0    Dex: 14    Spells: 3/3 levels left

rFire   . .          .
                       - Unarmed
rCold   . . .        (no shield)
rNeg    . . .        (helmet currently unavailable)
rPois   .            (no amulet)
rElec   .            (no ring)
rCorr   .            (no ring)
SInv    .            (no ring)
Will    .....        (no ring)
Stlth   ++           (no ring)
HPRegen 0.24/turn    (no ring)
MPRegen 0.09/turn    (no ring)
                     (no ring)

%: no passive effects
@: lethally poisoned (-2 -> -7), beast-form
A: beast (slay +1), almost no armour, amphibious, 8 rings, camouflage 1,
gelatinous body 1, (nimble swimmer 1), tentacles
a: Begin Untransformation


You were on level 2 of the Dungeon.
You were a hulking beast.
You visited 1 branch of the dungeon, and saw 2 of its levels.

You collected 44 gold pieces.


Innate Abilities, Weirdness & Mutations

You are a hulking beast.
Your limbs bulge with bestial killing power. (Slay +1)
You cannot wear most types of armour.
You are amphibious.
You can wear up to eight rings at the same time.
Your skin changes colour to match your surroundings (Stealth+).
Your rubbery body absorbs attacks. (AC +1, EV +1)
((You are camouflaged when in or above water. (Stealth+)))
You have tentacles for arms and can constrict up to eight enemies at once.


   Skills:
 + Level 2.0 Fighting
 + Level 2.6 Dodging
 + Level 3.5 Unarmed Combat
 + Level 3.4 Shapeshifting


You had 3 spell levels left.
You didn't know any spells.
Your spell library contained the following spells:

 Spells                   Type           Power      Damage    Failure   Level
 Frozen Ramparts          Ice            0%         1d1       75%         3
 Petrify                  Tmut/Erth      0%         N/A       98%         4
 Metabolic Englaciation   Hex/Ice        0%         N/A       100%        5

Inventory:

Missiles
 i - 5 datura-tipped darts
 j - 8 stones
Talismans
 b - a beast talisman (active)
 c - a flux talisman
Scrolls
 f - a scroll of identify {unknown}
 k - a scroll of blinking {unknown}
 l - a scroll of teleportation {unknown}
Potions
 a - a potion of lignification {!q}
 d - a potion of attraction {unknown}
 g - a potion of degeneration {unknown}
 h - a potion of might {unknown}
 m - a potion of brilliance {unknown}

Dungeon Overview and Level Annotations

Branches:
Dungeon (2/15) Zot: 11101

Altars:

Annotations:
D:2 Sigmund

..
##.............#
#......)...##.#
#.#.......## .#
###..........# .
.##............#
#.
...............###
...$..............
.((............###
...(.(.{h.<...##
)......#.....##
.##.>.###.####
#..## #.# #..# #..
..# ##.. ## #.# .#


There were no monsters in sight!


Message History

There is a stone staircase leading up here.
Found a stone staircase leading up.
j - 8 stones (gained 3)
Things that are here:
a +0 whip; a kobold corpse
e - 5 poisoned darts (gained 2)
Found a stone staircase leading down.
You pick up a book of Sloth and begin reading...
You add the spells Frozen Ramparts, Petrify and Metabolic Englaciation to your library.
m - a lumpy black potion Sigmund the Dreaded comes into view.
He is wielding a +1 scythe of venom.
Sigmund shouts!
Jessica the Apprentice Sorceress comes into view.
She is wielding a +0 club.
Throw: 6 darts (datura)
Press: ? - help, Shift-Dir - straight line, f - Sigmund
Aim: Sigmund, wielding a +1 scythe of venom and wearing a +0 robe (53% to hit, chance to frenzy on hit: 75%)
You throw a datura-tipped dart. The datura-tipped dart hits Sigmund.
Sigmund flies into a frenzy!
Jessica shouts!
Sigmund hits Jessica from afar with a +1 scythe of venom!
Jessica dies!
Your Fighting skill increases to level 2!
You have reached level 4! 😎 HP[+5] MP[+1]
You now have 29 max hp (+5).
Your hp is fully restored (29).
Your mp is fully restored (4).
Throw: 5 darts (poison)
Press: ? - help, Shift-Dir - straight line, f/p - Sigmund
Aim: Sigmund, wielding a +1 scythe of venom and wearing a +0 robe (fast, strong, frenzied and wild, unaware, 55% to hit)
You throw a poisoned dart. The poisoned dart hits Sigmund.
Sigmund shouts!
Throw: 4 darts (poison)
Press: ? - help, Shift-Dir - straight line, f/p - Sigmund
Aim: Sigmund, wielding a +1 scythe of venom and wearing a +0 robe (fast, strong, frenzied and wild, 55% to hit)
You throw a poisoned dart. The poisoned dart hits Sigmund.
Sigmund is poisoned.
Sigmund shouts!
Sigmund shouts!
Sigmund shouts!
There is a stone staircase leading up here.
Sigmund closely misses you.
You climb upwards.
There is a stone staircase leading down here.
You start waiting.
Done waiting.
There is an escape hatch in the floor here.
There is a stone staircase leading down here.
You climb downwards.
Level annotation: Sigmund
There is a stone staircase leading up here.
You start waiting.
Sigmund is nearby!
Unknown command.
Throw: 3 darts (poison)
Press: ? - help, Shift-Dir - straight line, f - Sigmund
Aim: Sigmund, wielding a +1 scythe of venom and wearing a +0 robe (55% to hit)
You throw a poisoned dart.
The poisoned dart barely misses Sigmund.
Throw: 2 darts (poison)
Press: ? - help, Shift-Dir - straight line, f/p - Sigmund
Aim: Sigmund, wielding a +1 scythe of venom and wearing a +0 robe (55% to hit)
You throw a poisoned dart.
The poisoned dart closely misses Sigmund.
Throw: dart (poison)
Press: ? - help, Shift-Dir - straight line, f/p - Sigmund
Aim: Sigmund, wielding a +1 scythe of venom and wearing a +0 robe (55% to hit)
You throw a poisoned dart. The poisoned dart hits Sigmund.
Sigmund is poisoned.
You don't have any such object.
Fire/throw/use which item? ([*] to toss any item) (? for menu, Esc to quit)
Huh?
Fire/throw/use which item? ([*] to toss any item) (? for menu, Esc to quit)
Okay, then.
Sigmund hits you with a +1 scythe of venom!
You are poisoned. 😕 HP[-7]
You take 7 damage, and now have 22/29 hp.
MASSIVE DAMAGE!! (PAUSE)
You bludgeon Sigmund! Your grab misses Sigmund.
You feel very sick. 😮 HP[-3]
You take 3 damage, and now have 19/29 hp.
You closely miss Sigmund. You grab Sigmund.
You constrict Sigmund, but do no damage.
You feel very sick.
Sigmund looks more healthy.
Sigmund gestures wildly while chanting.
Sigmund flickers and vanishes!
Deactivating autopickup; reactivate with Ctrl-A. 😮 HP[-3]
You take 3 damage, and now have 16/29 hp.
You tentacle-slap something but do no damage.
Your squeeze misses something. You constrict something.
You feel sick. Something hits you.
* * * LOW HITPOINT WARNING * * *
😨 HP[-7]
You take 7 damage, and now have 9/29 hp.
MASSIVE DAMAGE!! (PAUSE)
You tentacle-slap something. You constrict something.
* * * LOW HITPOINT WARNING * * *
You feel sick. Something hits you!
You die...

Skill      XL: |  1  2  3 |
---------------+----------+-----
Fighting       | 2 |  2.0
Dodging        | |  2.6
Unarmed Combat | |  3.5
Shapeshifting  | |  3.4

Action                     |  1- 3 |  4- 6 || total
---------------------------+-------+-------++-------
  Melee: Unarmed           |    30 |     4 ||    34
         Constrict         |     7 |     1 ||     8
         Tentacles         |     5 |       ||     5
         Punch             |     1 |       ||     1
  Throw: Dart              |     1 |     5 ||     6
   Stab: Sleeping          |     3 |       ||     3
 Armour: Skin              |     3 |       ||     3
  Dodge: Dodged            |    12 |     1 ||    13

Levels and vault maps discovered:
D:1:      ncdulo_wetmaze, layout_basic, dreamdust_ecumenical_altar_sealed_demon,
          chequers_avenue, st_stairs_13
D:2:      layout_rooms, basic_altar, minmay_rat_hole, uniq_jessica, uniq_sigmund

Notes
Turn   | Place    | Note
-------+----------+-------------------------------------------
     0 | D:1      | spiderkeys the Octopode Shapeshifter began the quest for
                  | the Orb.
     0 | D:1      | Reached XP level 1. HP: 13/13 MP: 1/1
     0 | D:1      | magus.rc [v1.11.6]
    68 | D:1      | Found a faded altar of an unknown god.
   158 | D:1      | Reached XP level 2. HP: 18/18 MP: 2/2
   689 | D:2      | Reached XP level 3. HP: 23/23 MP: 3/3
   739 | D:2      | You add the spells Frozen Ramparts, Petrify and Metabolic
                  | Englaciation to your library.
   745 | D:2      | Noticed Sigmund
   745 | D:2      | Noticed Jessica
   746 | D:2      | Killed Jessica
   747 | D:2      | Reached skill level 2 in Fighting
   747 | D:2      | Reached XP level 4. HP: 29/29 MP: 4/4
   899 | D:2      | HP: 7/29 [poisoned by Sigmund]
   899 | D:2      | Slain by Sigmund

Vanquished Creatures
  A gnoll (D:1)
  An adder (D:2)
  2 bats (D:1)
  An endoplasm (D:1)
  A goblin (D:1)
  A hobgoblin (D:2)
  A quokka (D:2)
  2 ball pythons (D:1)
  3 frilled lizards (D:1)
  4 kobolds
  A rat (D:2)
18 creatures vanquished.

Vanquished Creatures (collateral kills)
  Jessica (D:2)
1 creature vanquished.

Grand Total: 19 creatures vanquished

Table legend:
 A = Non-vault XP
 B = Vault XP
 C = Vault XP percentage of total XP
 D = Non-vault monster count
 E = Vault monster count
 F = Vault count percentage of total count
                 A         B        C        D         E       F
            +---------+---------+-------+---------+---------+-------
      Total |      48 |      38 |  44.2 |      17 |       2 |  10.5
            +---------+---------+-------+---------+---------+-------
        D:1 |      27 |       1 |   3.6 |      11 |       1 |   8.3
        D:2 |      21 |      37 |  63.8 |       6 |       1 |  14.3
            +---------+---------+-------+---------+---------+-------

Skill      XL: |  1  2  3 |
---------------+----------+-----
Fighting       | 2 |  2.0
Dodging        | |  2.6
Unarmed Combat | |  3.5
Shapeshifting  | |  3.4

Action                     |  1- 3 |  4- 6 || total
---------------------------+-------+-------++-------
  Melee: Unarmed           |    30 |     4 ||    34
         Constrict         |     7 |     1 ||     8
         Tentacles         |     5 |       ||     5
         Punch             |     1 |       ||     1
  Throw: Dart              |     1 |     5 ||     6
   Stab: Sleeping          |     3 |       ||     3
 Armour: Skin              |     3 |       ||     3
  Dodge: Dodged            |    12 |     1 ||    13

Illustrated notes

Table legend:
 A = Kills in this place as a percentage of kills in the entire game.
 B = Kills by you in this place as a percentage of kills by you in the entire game.
 C = Kills by friends in this place as a percentage of kills by friends in the entire game.
 D = Other kills in this place as a percentage of other kills in the entire game.
 E = Experience gained in this place as a percentage of experience gained in the entire game.
 F = Experience gained in this place divided by the number of levels of this place that you have seen.
                   A       B       C       D       E      F
               +-------+-------+-------+-------+-------+----------------------
         Total | 100.0 | 100.0 | 100.0 |   N/A | 100.0 |  43.0
       Dungeon | 100.0 | 100.0 | 100.0 |   N/A | 100.0 |  43.0
               +-------+-------+-------+-------+-------+----------------------

Table legend: (Time is in decaauts)
 A = Elapsed time spent in this place.
 B = Non-inter-level travel time spent in this place.
 C = Inter-level travel time spent in this place.
 D = Time resting spent in this place.
 E = Time spent auto-exploring this place.
 F = Levels seen in this place.
 G = Mean time per level.
                   A        B        C        D        E       F      G
               +--------+--------+--------+--------+--------+-----+--------+
         Total |    897 |    854 |     43 |    106 |    633 |   2 |  448.5 |
       Dungeon |    897 |    854 |     43 |    106 |    633 |   2 |  448.5 |
               +--------+--------+--------+--------+--------+-----+--------+

Top non-repeatable levels by time:
     D:1: 803 daAuts
     D:2: 94 daAuts
